 Dungeon Crawl Stone Soup version 0.16.2-2-g470672f (webtiles) character file.

1057 Vanek666 the Ducker (level 8, -4/93 HPs)
             Began as a Merfolk Gladiator on Aug 24, 2015.
             Killed by divine providence
             ... invoked by an orc priest
              (13 damage)
             ... on level 5 of the Dungeon.
             The game lasted 00:18:19 (5656 turns).

Vanek666 the Ducker (Merfolk Gladiator)             Turns: 5656, Time: 00:18:20

Health: -4/93      AC: 24    Str: 15    XL:     8   Next: 27%
Magic:  8/8        EV:  2    Int:  8    God:
Gold:   338        SH:  0    Dex: 16    Spells: 0 memorised, 7 levels left

rFire  . . .     SeeInvis .     a - +0 long sword
rCold  . . .     Clarity  .     b - melded +0 leather armour
rNeg   + + +     SustAb   .     (no shield)
rPois  +         Gourm    .     c - melded +0 helmet
rElec  .         Spirit   .     i - melded +1 cloak
rCorr  .         Warding  .     (gloves currently unavailable)
rMut   .         NoTele   +     (boots currently unavailable)
MR     .....                    (no amulet)
Stlth  +.........               (no ring)
                                e - ring of flight

@: tree-form, drained, not resistant to hostile enchantments, very unstealthy
A: (change form in water), (swift swim)
a: no special abilities


You were on level 5 of the Dungeon.
You were hungry.
You were a tree.
You visited 1 branch of the dungeon, and saw 5 of its levels.

You collected 338 gold pieces.

Inventory:

Hand weapons
 a - a +0 long sword (weapon)
Missiles
 d - 3 throwing nets (quivered)
Armour
 b - a +0 leather armour (melded)
 c - a +0 helmet (melded)
 i - a +1 cloak (melded)
 k - a +0 helmet
 t - a +0 cloak
Rods
 n - a +2 rod of destruction (12/12)
   (You found it on level 2 of the Dungeon)
Jewellery
 e - a ring of flight (left branch)
Scrolls
 g - a scroll of enchant weapon {unknown}
 h - 4 scrolls of identify {unknown}
 p - 2 scrolls of remove curse {unknown}
 s - a scroll of teleportation {unknown}
 v - a scroll of fog {unknown}
Potions
 m - a potion of mutation {unknown}
 o - a potion of cancellation {unknown}
 q - a potion of restore abilities {unknown}
 r - a potion of degeneration {unknown}
 u - a potion of berserk rage {unknown}
 x - a potion of poison {unknown}
 z - a potion of magic {unknown}
Comestibles
 f - 2 bread rations
 l - 3 chunks of flesh
 w - a meat ration


   Skills:
 * Level 5.0(4.1) Fighting
 * Level 6.7(5.8) Long Blades
 - Level 2.2(1.3) Throwing
 + Level 2.5(1.6) Armour
 + Level 7.9(6.9) Dodging


You had 7 spell levels left.
You didn't know any spells.

Dungeon Overview and Level Annotations

Branches:
Dungeon (5/15)
 Temple: D:4-7

Altars:


Message History

Drink which item? (? for menu, Esc to quit)
Okay, then.
The orc hits you from afar with a trident!
* * * LOW HITPOINT WARNING * * *
There is a stone staircase leading up, spattered with blood here.
You see here 3 stones.
Drink which item? (? for menu, Esc to quit)
It was a potion of lignification.
You turn into a tree.
Your +1 cloak melds into your body.
Your +0 helmet melds into your body.
Your +0 leather armour melds into your body.
Your roots penetrate the ground.
The orc hits you but does no damage.
The orc priest hits you with a falchion of draining.
* * * LOW HITPOINT WARNING * * *
The orc barely misses you.
You hit the orc priest.
The orc priest is almost dead.
The orc hits you but does no damage. x2
The orc priest invokes the aid of Beogh against you.
Something smites you!
You die...

####...## ###...(#⌠⌠.⌠⌠#.
##..## ###......'.....'.
####...###........#⌠⌠.⌠⌠##
.............####.#⌠⌠.⌠⌠#
..........### #.###'###
##.......# #.....#
##......# ####### ##.....#
#...♣.# . ##..oo.# ..####
####.....o##
.....####..........#
...........####....#
........#### #....#
.........## #....#
..........#####....##
...........#........#


You could see an orc priest and 2 orcs.

Vanquished Creatures
  The ghost of CcS the Ruffian, an average TrWn (D:3)
  3 big kobolds (D:4)
  3 killer bees (D:4)
  2 orc priests (D:4)
  A crimson imp (D:4)
  A worker ant (D:4)
  4 orc wizards
  7 adders
  10 gnolls
  A giant mite (D:2)
  3 worms
  5 giant geckos
  2 oozes
  12 orcs
  12 bats
  A giant cockroach (D:2)
  17 hobgoblins
  2 jackals (D:1)
  55 kobolds
  2 quokkas (D:3)
  3 ball pythons
  7 giant newts
  9 goblins
  A quokka zombie (D:5)
  12 rats
176 creatures vanquished.

Notes
Turn   | Place    | Note
--------------------------------------------------------------
     0 | D:1      | Vanek666, the Merfolk Gladiator, began the quest for the Orb.
     0 | D:1      | Reached XP level 1. HP: 16/16 MP: 1/1
    93 | D:1      | Reached XP level 2. HP: 21/23 MP: 2/2
   520 | D:1      | Reached XP level 3. HP: 28/28 MP: 3/3
  1199 | D:2      | Reached skill level 5 in Dodging
  1199 | D:2      | Reached XP level 4. HP: 32/34 MP: 4/4
  1343 | D:2      | Reached skill level 1 in Armour
  2145 | D:3      | Reached XP level 5. HP: 38/40 MP: 5/5
  2215 | D:3      | Identified a +2 rod of destruction (12/12) (You found it on level 2 of the Dungeon)
  2382 | D:3      | Noticed CcS's ghost (average TrWn)
  3198 | D:3      | Killed CcS's ghost
  3198 | D:3      | Reached skill level 5 in Long Blades
  3198 | D:3      | Reached skill level 6 in Dodging
  3198 | D:3      | Reached XP level 6. HP: 29/47 MP: 6/6
  3564 | D:4      | Reached XP level 7. HP: 32/52 MP: 7/7
  4515 | D:4      | Reached skill level 7 in Dodging
  4666 | D:4      | Reached XP level 8. HP: 52/61 MP: 8/8
  5020 | D:5      | Entered Level 5 of the Dungeon
  5034 | D:5      | Found Enafaora's General Store.
  5270 | D:4      | Reached skill level 5 in Fighting
  5656 | D:5      | Killed from afar by an orc priest

Action                   |  1- 3 |  4- 6 |  7- 9 || total
-------------------------+-------+-------+-------++-------
Melee: Long sword        |    96 |   200 |   333 ||   629
Evoke: Rod               |       |     6 |     2 ||     8
  Use: Potion            |       |       |     1 ||     1
  Eat: Chunk             |     1 |     9 |     6 ||    16
       Pizza             |       |       |     1 ||     1
